 Dungeon Crawl Stone Soup version 0.27-a0-1065-ge809cff456 (webtiles) character file.

Game seed: 8724592025643767556

88 vurker the Magician (level 4, 0/33 HPs)
             Began as a Djinni Air Elementalist on Apr 22, 2021.
             Slain by Grinder (7 damage)
             ... on level 3 of the Dungeon.
             The game lasted 00:01:56 (3035 turns).

vurker the Magician (Djinni Air Elementalist)       Turns: 3035, Time: 00:01:57

Health: 0/33       AC:  3    Str:  7    XL:     4   Next: 54%
Gold:   49         EV: 12    Int: 17    God:
                   SH:  0    Dex: 14

rFire    + + .     SeeInvis .   d - +0 dagger
rCold    x . .     Faith    .   (no shield)
rNeg     . . .     Spirit   .   a - +0 robe
rPois    ∞         Reflect  .   (no helmet)
rElec    .         Harm     .   e - +0 cloak
rCorr    .         Rampage  .   (no gloves)
Will     .....                  (boots unavailable)
Stlth    ++........             (no amulet)
HPRegen  0.11/turn              (no ring)
MPRegen  0.00/turn              (no ring)

@: flying
A: fire resistance 2, cold vulnerability 1, float, innate caster, hp casting,
extra vitality 1
a: no special abilities


You were on level 3 of the Dungeon.
You visited 1 branch of the dungeon, and saw 3 of its levels.

You collected 49 gold pieces.

Inventory:

Hand Weapons
 d - a +0 dagger (weapon)
   (You took it off a goblin on level 1 of the Dungeon)
Armour
 a - a +0 robe (worn)
 e - a +0 cloak (worn)
   (You found it on level 1 of the Dungeon)
Scrolls
 f - 2 scrolls of enchant weapon {unknown}
 g - a scroll of teleportation {unknown}
 i - a scroll of identify {unknown}
Potions
 b - 2 potions of curing {unknown}
 c - 3 potions of heal wounds {unknown}
 h - 2 potions of might {unknown}
 j - a potion of cancellation {unknown}


   Skills:
 + Level 2.1 Fighting
 - Level 2.1 Dodging
 - Level 1.5 Stealth
 * Level 3.9 Spellcasting


You couldn't memorise any spells.
You knew the following spells:

 Your Spells              Type           Power      Damage    Failure   Level
a - Shock                 Conj/Air       64%        1d7       3%          1
b - Lightning Bolt        Conj/Air       8%         1d20      65%         5
c - Airstrike             Air            8%         N/A       30%         4
d - Swiftness             Air            16%        N/A       10%         3
e - Static Discharge      Conj/Air       16%        N/A       4%          2
f - Beastly Appendage     Tmut           32%        N/A       3%          1
Your spell library was empty.

Dungeon Overview and Level Annotations

Branches:
Dungeon (3/15)

Altars:

Annotations:
D:3 Grinder


Innate Abilities, Weirdness & Mutations

You are immune to poison.
Your flesh is very heat resistant. (rF++)
You are vulnerable to cold. (rC-)
You float through the air rather than walking.
You learn spells naturally, not from books.
Your magical power is your life essence.
You have superior vitality. (+4 HP)


Message History

You reach down and open the door.
There is an open door here.
You see here 3 boomerangs.
A quokka comes into view.
A quokka is nearby!
A quokka is nearby!
A quokka is nearby!
Aim: a quokka (60% to hit)
The zap hits the quokka.
You kill the quokka!
You can't see any susceptible monsters within range! (Use Z to cast anyway.)
You can't see any susceptible monsters within range! (Use Z to cast anyway.)
Found a stone staircase leading down.
Found a ring mail.
There is a stone staircase leading down here.
You see here a +0 ring mail.
Found a copper wand.
You can't see any susceptible monsters within range! (Use Z to cast anyway.)
You can't see any susceptible monsters within range! (Use Z to cast anyway.)
A kobold comes into view. It is wielding a +0 short sword.
Found 11 gold pieces.
A kobold is nearby!
A kobold is nearby!
Aim: a kobold, wielding a +0 short sword and quivering stones (asleep, 100% to hit)
The zap hits the kobold.
The kobold shouts!
You hear a shout!
Grinder comes into view.
Aim: a kobold, wielding a +0 short sword and quivering stones (severely wounded, 64% to hit)
The zap misses the kobold.
Aim: a kobold, wielding a +0 short sword and quivering stones (severely wounded, 64% to hit)
The zap hits the kobold.
You kill the kobold!
Grinder gestures at you.
You suddenly lose the ability to move!
Grinder says, "I used to sell toenails on the black market."
You can move again.
Grinder gestures at you.
You shrug off the repeated paralysis!
Aim: Grinder (68% to hit)
The zap hits Grinder.
The zap hits Grinder. x2
Grinder gestures at you. Pain shoots through your body!
* * * LOW HITPOINT WARNING * * *
* * * LOW HITPOINT WARNING * * *
Grinder hits you.
* * * LOW HITPOINT WARNING * * *
* * * LOW HITPOINT WARNING * * *
Grinder hits you!
You die...

.. #. ... #.. #.
.. #... #.###.#
#...##.....#
$..........# ..#
.......#... #.#
#......#.### ..#
#......5...####.#
.......#@.....#.#
.......###.#.##.#
....... #.#.##.#
./....)
#.#.##.#########
#......
#.#.........[...
.......
#.....#.########
.#####.
#....<#+## #.
#........# ## #.
#........#######


You could see Grinder.

Vanquished Creatures
  4 adders
  A worm (D:2)
  2 dart slugs
  A ball python (D:1)
  4 endoplasms
  2 giant cockroaches
  5 goblins (D:1)
  5 hobgoblins
  2 quokkas
  7 bats
  2 frilled lizards
  7 kobolds
  4 rats
46 creatures vanquished.

Notes
Turn   | Place    | Note
-------+----------+-------------------------------------------
     0 | D:1      | vurker the Djinni Air Elementalist began the quest for the
                  | Orb.
     0 | D:1      | Reached XP level 1. HP: 15/15 MP: 0/0
   430 | D:1      | Reached skill level 3 in Spellcasting
   430 | D:1      | Reached XP level 2. HP: 18/22 MP: 0/0
   678 | D:1      | Reached skill level 1 in Fighting
  1421 | D:2      | Reached XP level 3. HP: 21/27 MP: 0/0
  1421 | D:2      | Learned a level 1 spell: Beastly Appendage
  1976 | D:2      | Found a faded altar of an unknown god.
  2086 | D:2      | Reached XP level 4. HP: 30/33 MP: 0/0
  3022 | D:3      | Noticed Grinder
  3024 | D:3      | Paralysed by Grinder for 7 turns
  3035 | D:3      | Slain by Grinder

Illustrated notes

Levels and vault maps discovered:
D:1:      tarquinn_simple_flora_water_d, layout_basic
D:2:      layout_basic, hellmonk_ecumenical_altar_inner_sanctum
D:3:      layout_basic, nrook_campfire, uniq_jessica, uniq_grinder

Skill      XL: |  1  2  3  4 |
---------------+-------------+-----
Spellcasting   | 3 |  3.9
Fighting       | 1 2 |  2.1
Dodging        | |  2.1
Stealth        | |  1.5

Action                   |  1- 3 |  4- 6 || total
-------------------------+-------+-------++-------
 Cast: Shock             |    74 |    33 ||   107
Armor: Robe              |     3 |     1 ||     4
Dodge: Dodged            |     3 |     2 ||     5

Table legend: (Time is in decaauts)
 A = Elapsed time spent in this place.
 B = Non-inter-level travel time spent in this place.
 C = Inter-level travel time spent in this place.
 D = Time resting spent in this place.
 E = Time spent auto-exploring this place.
 F = Levels seen in this place.
 G = Mean time per level.
                   A        B        C        D        E       F      G
               +--------+--------+--------+--------+--------+-----+--------+
         Total |   3033 |   3021 |     12 |      0 |   2823 |   3 | 1011.0 |
       Dungeon |   3033 |   3021 |     12 |      0 |   2823 |   3 | 1011.0 |
               +--------+--------+--------+--------+--------+-----+--------+

Top non-repeatable levels by time:
     D:1: 1411 daAuts
     D:2: 1151 daAuts
     D:3: 470 daAuts
